Workbook
Name __xlfn_AVERAGEIF: #N/A
Name ag: #REF!
Name ag: #REF!
Name BBB: #REF!
Name BBB: #REF!
Name BuiltIn_Print_Area: NA()
Name BuiltIn_Print_Titles: NA()
Name cociente: #REF!
Name cociente: #REF!
Name COCIENTE1: #REF!
Name COCIENTE1: #REF!
Name COCIENTE7: #REF!
Name COCIENTE7: #REF!
Name COCIENTE8: #REF!
Name COCIENTE8: #REF!
Name COCIENTE9: #REF!
Name COCIENTE9: #REF!
Name dos: #REF!
Name dos: #REF!
Name Excel_BuiltIn_Print_Area_1_1: #REF!
Name Excel_BuiltIn_Print_Area_1_1: #REF!
Name Excel_BuiltIn_Print_Area_10: "$#REF!.$A$1:$G$17"
Name Excel_BuiltIn_Print_Area_10_1: "$#REF!.$A$1:$G$16"
Name Excel_BuiltIn_Print_Area_11: "$#REF!.$A$1:$G$24"
Name Excel_BuiltIn_Print_Area_3: "$#REF!.$A$1:$G$30"
Name Excel_BuiltIn_Print_Area_3_1: "$#REF!.$A$1:$G$36"
Name Excel_BuiltIn_Print_Area_5: "$#REF!.$A$6:$F$41"
Name Excel_BuiltIn_Print_Area_5_1: "$#REF!.$A$6:$F$40"
Name Excel_BuiltIn_Print_Area_5_1_1: "$#REF!.$A$7:$F$41"
Name Excel_BuiltIn_Print_Area_5_1_1_1: "$#REF!.$A$1:$G$16"
Name Excel_BuiltIn_Print_Area_6: "$#REF!.$A$1:$G$74"
Name Excel_BuiltIn_Print_Area_7: "$#REF!.$A$1:$G$54"
Name Excel_BuiltIn_Print_Area_8: "$#REF!.$A$1:$G$29"
Name Excel_BuiltIn_Print_Titles_1_1: #REF!
Name Excel_BuiltIn_Print_Titles_1_1: #REF!
Name Excel_BuiltIn_Print_Titles_1_1_1: #REF!
Name Excel_BuiltIn_Print_Titles_1_1_1: #REF!
Name Excel_BuiltIn_Print_Titles_1_1_1_1: #REF!
Name Excel_BuiltIn_Print_Titles_1_1_1_1: #REF!
Name Excel_BuiltIn_Print_Titles_3: "$#REF!.$A$1:$IV$5"
Name Excel_BuiltIn_Print_Titles_3_1: "$#REF!.$A$1:$IP$5"
Name Excel_BuiltIn_Print_Titles_5: "$#REF!.$A$1:$IV$5"
Name Excel_BuiltIn_Print_Titles_6: "$#REF!.$A$1:$IP$5"
Name Excel_BuiltIn_Print_Titles_7: "$#REF!.$A$1:$IP$5"
Name hb: #REF!
Name hb: #REF!
Name matriz: #REF!
Name matriz: #REF!
Name sdivide: #REF!
Name sdivide: #REF!
Name sdivide2: #REF!
Name sdivide2: #REF!
Name SMMLV: '[1]AIU SAM'!$C$14

Sheet Listas
A1: CARGOS: | B1: CUMPLE | C1: TITULOS | D1: TIPO DE CONTRATO EN EJECUCIÓN | E1: CRITERIOS TÉCNICOS Y DE CALIFICACIÓN | K1: EXPERIENCIA SUBSANABLE
A2: - | B2: - | C2: - | D2: Propio | E2: - | F2: - | G2: 0 | H2: 0 | I2: - | J2: - | K2: -
A3: DIRECTOR DE OBRA (50%) | B3: SI | C3: PREGRADO | D3: Suscrito por sociedad | E3: CRITERIOS TÉCNICOS Y DE CALIDAD | F3: Mayor acompañamiento Director de Obra | G3: 0.6 | H3: 100 | I3: HABILITANTE | J3: HABILITADO | K3: ESPECIALIZACIÓN | L3: 2 años
A4: MAYOR PERMANENCIA DIRECTOR DE OBRA | B4: NO | C4: PREGRADO + ESPECIALIZACIÓN | D4: Suscrito por consorcio | G4: 0.7 | H4: 120 | I4: NO HABILITANTE | J4: NO HABILITADO | K4: MAESTRIA | L4: 3 años
A5: RESIDENTE DE OBRA | C5: PREGRADO + ESPECIALIZACIÓN + MAESTRIA | D5: Suscrito por unión temporal | G5: 0.8 | H5: 150 | I5: PUNTAJE
A6: RESIDENTE ADMINISTRATIVO | C6: PREGRADO + ESPECIALIZACIÓN + MAESTRIA + DOCTORADO | G6: 0.9 | H6: 180 | I6: CUMPLE
A7: RESIDENTE DE ARQUEOLOGÍA | C7: PREGRADO + MAESTRIA | G7: 1 | H7: 200 | I7: NO CUMPLE
A8: HSEQ | C8: PREGRADO + MAESTRIA + DOCTORADO | E8: OFERTA ECONÓMICA | F8: Valor oferta económica | G8: 700 | H8: 700
A9: ASESOR ESTRUCTURAL | E9: ESTIMULO A LA INDUSTRIA NACIONAL | F9: Bienes y/o servicios nacionales | G9: 100 | H9: 100
A10: ASESOR ELÉCTRICO | F10: Bienes y/o servicios extranjeros | G10: 50 | H10: 50
A11: ASESOR HIDRÁULICO | F11: Media Aritmética | G11: - | H11: -
F12: Media Aritmética Alta
F13: Media Geométrica
F14: Menor Valor

Sheet HISTORICO SMMLV
A1: Año | B1: Salario mínimo mensual | C1: Incremento %
A2: 1997 | B2: 172005 | C2: 0.21
A3: 1998 | B3: 203826 | C3: 0.185
A4: 1999 | B4: 236460 | C4: 0.16
A5: 2000 | B5: 260100 | C5: 0.1
A6: 2001 | B6: 286000 | C6: 0.1
A7: 2002 | B7: 309000 | C7: 0.08
A8: 2003 | B8: 332000 | C8: 0.074
A9: 2004 | B9: 358000 | C9: 0.078
A10: 2005 | B10: 381500 | C10: 0.066
A11: 2006 | B11: 408000 | C11: 0.069
A12: 2007 | B12: 433700 | C12: 0.063
A13: 2008 | B13: 461500 | C13: 0.064
... A27: 2022 | B27: 1000000 | C27: 0.1007

Sheet FORMATO DE INGRESO
C2: LLENAR LAS SIGUIENTES CASILLAS PARA COMENZAR A EVALUAR
D3: INSTITUTO DISTRITAL DE PATRIMONIO CULTURAL
D4: IDPC-CMA-XXX-2022
C5: OBJETO: | D5: (Cod. 637) “DISEÑOS Y ESTUDIOS TÉCNICOS REQUERIDOS PARA LA CONSTRUCCIÓN Y ACTIVACIÓN DEL PARQUE DE LA CALLE 26, LA RECONCILIACIÓN UBICADO EN EL COSTADO OCCIDENTAL DEL CEMENTERIO CENTRAL DE BOGOTÁ”
C6: MODALIDAD: | D6: Concurso de Méritos
C7: PRESUPUESTO OFICIAL ESTIMADO: | D7: 1104260946
C8: REQUISITO: (EXP. MÍNIMA HABILITANTE DEL PROPONENTE - Para Mipymes y empresas emprendimientos de mujeres | D8: En la ejecución de MAXIMO CINCO (05) CONTRATOS cuyo objeto o alcance sea consultorías en estudios y diseños de parques o plazas o plazoletas o alamedas cuya sumatoria de áreas intervenidas en los contratos allegados sean mayores o iguales a 20.000 m2. Nota 1: El proponente deberá obligatoriamente presentar UN (01) de los contratos cuyo objeto sea consultoría en estudios y diseños para el reforzamiento estructural de inmuebles declarados como Bienes de Interés Cultural del orden Nacional, Departamental, Municipal o Distrital. Nota 2: Los contratos deben estar terminados antes de la fecha de cierre del presente proceso de selección y cuya sumatoria deberá ser igual o superior al cien por ciento (100%) del presupuesto oficial estimado para este proceso de selección, expresado en salarios mínimos legales mensuales vigentes (SMMLV) del 2021. Nota 3: El proponente podrá presentar UN (01) contrato donde de cumplimiento a las notas 1 y 2 descritas líneas arriba que lo habiliten técnicamente. Cada uno de los contratos debe estar registrado en el RUP e identificado en el Clasificador de Bienes y Servicios de las Naciones Unidas UNSPSC en el tercer nivel, en al menos TRES (03) de los códigos descritos en los pliegos de condiciones
C9: REQUISITO: (EXP. MÍNIMA HABILITANTE DEL PROPONENTE -Para aquellos proponentes a los cuales no le sea aplicable los criterios habilitantes diferenciadores | D9: En la ejecución de MAXIMO TRES (03) CONTRATOS cuyo objeto o alcance sea consultorías en estudios y diseños de parques o plazas o plazoletas o alamedas cuya sumatoria de áreas intervenidas en los contratos allegados sean mayores o iguales a 20.000 m2. Nota 1: El proponente deberá obligatoriamente presentar UN (01) de los contratos cuyo objeto sea consultoría en estudios y diseños para el reforzamiento estructural de inmuebles declarados como Bienes de Interés Cultural del orden Nacional, Departamental, Municipal o Distrital. Nota 2: Los contratos deben estar terminados antes de la fecha de cierre del presente proceso de selección y cuya sumatoria deberá ser igual o superior al cien por ciento (100%) del presupuesto oficial estimado para este proceso de selección, expresado en salarios mínimos legales mensuales vigentes (SMMLV) del 2021. Nota 3: El proponente podrá presentar UN (01) contrato donde de cumplimiento a las notas 1 y 2 descritas líneas arriba que lo habiliten técnicamente. Cada uno de los contratos debe estar registrado en el RUP e identificado en el Clasificador de Bienes y Servicios de las Naciones Unidas UNSPSC en el tercer nivel, en al menos TRES (03) de los códigos descritos en los pliegos de condiciones
C10: PROPONENTE:

Sheet EXP. MÍN HAB PROP MIPYMES 
C2: =+'FORMATO DE INGRESO'!D3 -> INSTITUTO DISTRITAL DE PATRIMONIO CULTURAL
C3: PROCESO DE CONCURSO DE MÉRITOS No. IDPC-CMA-XXX-2022 | S3: uno
C4: FORMATO 12 EXPERIENCIA DEL PROPONENTE MÍNIMA HABILITANTE | S4: dos
B5: PROCESO: | D5: Tipo: | E5: =+'FORMATO DE INGRESO'!D6 -> Concurso de Méritos | G5: Número de Proceso | H5: IDPC-CMA-001-2022 | K5: Plataforma: | L5: Secop II | N5: FECHA EVALUACIÓN | P5: =TODAY() -> 44819 | S5: tres
B7: OBJETO: | D7: =+'FORMATO DE INGRESO'!D5 -> (Cod. 637) “DISEÑOS Y ESTUDIOS TÉCNICOS REQUERIDOS PARA LA CONSTRUCCIÓN Y ACTIVACIÓN DEL PARQUE DE LA CALLE 26, LA RECONCILIACIÓN UBICADO EN EL COSTADO OCCIDENTAL DEL CEMENTERIO CENTRAL DE BOGOTÁ”
B9: PROPONENTE (Persona Natural, Jurídica, Consorcio o Unión Temporal): | I9: MIEMBRO 1: | N9: PORCENTAJE DE PARTICIPACIÓN: | Q9: 0
I10: MIEMBRO 2: | N10: PORCENTAJE DE PARTICIPACIÓN: | Q10: 0
I11: MIEMBRO 3: | N11: PORCENTAJE DE PARTICIPACIÓN: | Q11: 0
S12: smmv 2018 | T12: Equivalencia
B13: PRESUPUESTO OFICIAL ESTIMADO: | M13: =+'FORMATO DE INGRESO'!D7 -> 1104260946 | O13: PRESUPUESTO OFICIAL EN SMMLV - 2021 - 100%: | Q13: =M13/[2]SSMLV!C43 -> 1215.4423 | S13: 781242 | T13: =+M13/S13 -> 1413.4685
B14: REQUISITO MIPYMES Y EMPRESAS EMPRENDIMIENTOS DE MUJERES: | D14: =+'FORMATO DE INGRESO'!D8 -> En la ejecución de MAXIMO CINCO (05) CONTRATOS cuyo objeto o alcance sea consultorías en estudios y diseños de parques o plazas o plazoletas o alamedas cuya sumatoria de áreas intervenidas en los contratos allegados sean mayores o iguales a 20.000 m2. Nota 1: El proponente deberá obligatoriamente presentar UN (01) de los contratos cuyo objeto sea consultoría en estudios y diseños para el reforzamiento estructural de inmuebles declarados como Bienes de Interés Cultural del orden Nacional, Departamental, Municipal o Distrital. Nota 2: Los contratos deben estar terminados antes de la fecha de cierre del presente proceso de selección y cuya sumatoria deberá ser igual o superior al cien por ciento (100%) del presupuesto oficial estimado para este proceso de selección, expresado en salarios mínimos legales mensuales vigentes (SMMLV) del 2021. Nota 3: El proponente podrá presentar UN (01) contrato donde de cumplimiento a las notas 1 y 2 descritas líneas arriba que lo habiliten técnicamente. Cada uno de los contratos debe estar registrado en el RUP e identificado en el Clasificador de Bienes y Servicios de las Naciones Unidas UNSPSC en el tercer nivel, en al menos TRES (03) de los códigos descritos en los pliegos de condiciones
B15: CÓDIGOS RUP: | D15: 93141700 | E15: 81101500 | F15: 80101600 | G15: 80111600 | H15: 95122100 | R15: 72152900 | S15: 72153400 | T15: 72153600 | U15: 72153900 | V15: 72154000 | W15: 80111617 | X15: 80111618 | Y15: 81101500 | Z15: 93141707
B17: No. | C17: NÚMERO DEL CONTRATO REGISTRADO EN EL RUP (Incluir PAG.) | D17: ENTIDAD CONTRATANTE | E17: OBJETO DEL CONTRATO | G17: FECHA DE INICIO | H17: FECHA FINALIZACIÓN | I17: CODIGOS CLASIFICACIÓN UNSPSC | J17: NOMBRE PARTICIPANTE QUE APORTA LA EXPERIENCIA | L17: PORCENTAJE PARTICIPACION EN EL CONSORCIO O UNIÓN TEMPORAL | M17: VALOR TOTAL CONTRATO EN PESOS | N17: AÑO DE FINALIZACIÓN DEL CONTRATO | O17: SMMLV CORRESPONDIENTE SEGÚN AÑO DE FINALIZACIÓN | P17: VALOR DEL CONTRATO EN SMMLV X PORCENTAJE PARTICIPACIÓN | S17: 1091
B19: 1 | O19: =LOOKUP(N19,[2]SSMLV!A6:A43,[2]SSMLV!C6:C43) -> #N/A | P19: =(M19/O19)*L19 -> #N/A | S19: =P19 -> #N/A
B20: 2 | O20: =LOOKUP(N20,[2]SSMLV!A6:A43,[2]SSMLV!C6:C43) -> #N/A | P20: =(M20/O20)*L20 -> #N/A
B21: 3 | O21: =LOOKUP(N21,[2]SSMLV!A7:A44,[2]SSMLV!C7:C44) -> #N/A | P21: =(M21/O21)*L21 -> #N/A
B22: 4 | O22: =LOOKUP(N22,[2]SSMLV!A8:A45,[2]SSMLV!C8:C45) -> #N/A | P22: =(M22/O22)*L22 -> #N/A
B23: 5 | O23: =LOOKUP(N23,[2]SSMLV!A6:A43,[2]SSMLV!C6:C43) -> #N/A | P23: =(M23/O23)*L23 -> #N/A
B24: SUMATORIA DE CONTRATOS APORTADOS. SMMLV | O24: =SUM(P19:Q23) -> #N/A | S24: =SUM(S19:S19) -> #N/A | T24: =SUM(#REF!) -> #REF! | U24: =SUM(#REF!) -> #REF!
S27: 1091
S29: =P29 -> 0
B30: FRIMA DE LA PERSONA NATURAL, JURIDICA, CONSORCIO O UNION TEMPORAL

Sheet EXP. MÍN HAB PROP
C2: =+'FORMATO DE INGRESO'!D3 -> INSTITUTO DISTRITAL DE PATRIMONIO CULTURAL
C3: PROCESO DE CONCURSO DE MÉRITOS No. IDPC-CMA-XXX-2022 | S3: uno
C4: FORMATO EXPERIENCIA DEL PROPONENTE MÍNIMA HABILITANTE | S4: dos
B5: PROCESO: | D5: Tipo: | E5: =+'FORMATO DE INGRESO'!D6 -> Concurso de Méritos | G5: Número de Proceso | H5: IDPC-CMA-XXX-2022 | K5: Plataforma: | L5: Secop II | N5: FECHA EVALUACIÓN | P5: =TODAY() -> 44819 | S5: tres
B7: OBJETO: | D7: =+'FORMATO DE INGRESO'!D5 -> (Cod. 637) “DISEÑOS Y ESTUDIOS TÉCNICOS REQUERIDOS PARA LA CONSTRUCCIÓN Y ACTIVACIÓN DEL PARQUE DE LA CALLE 26, LA RECONCILIACIÓN UBICADO EN EL COSTADO OCCIDENTAL DEL CEMENTERIO CENTRAL DE BOGOTÁ”
B9: PROPONENTE (Persona Natural, Jurídica, Consorcio o Unión Temporal): | I9: MIEMBRO 1: | N9: PORCENTAJE DE PARTICIPACIÓN: | Q9: 0
I10: MIEMBRO 2: | N10: PORCENTAJE DE PARTICIPACIÓN: | Q10: 0
I11: MIEMBRO 3: | N11: PORCENTAJE DE PARTICIPACIÓN: | Q11: 0
S12: smmv 2018 | T12: Equivalencia
B13: PRESUPUESTO OFICIAL ESTIMADO: | M13: =+'FORMATO DE INGRESO'!D7 -> 1104260946 | O13: PRESUPUESTO OFICIAL EN SMMLV - 2021 - 100%: | Q13: =M13/[2]SSMLV!C43 -> 1215.4423 | S13: 781242 | T13: =+M13/S13 -> 1413.4685
B14: REQUISITO PROPONENTES A LOS CUALES NO LE SEA APLICABLE LOS CRITERIOS HABILITANTES DIFERENCIADORES: | D14: ='FORMATO DE INGRESO'!D9 -> En la ejecución de MAXIMO TRES (03) CONTRATOS cuyo objeto o alcance sea consultorías en estudios y diseños de parques o plazas o plazoletas o alamedas cuya sumatoria de áreas intervenidas en los contratos allegados sean mayores o iguales a 20.000 m2. Nota 1: El proponente deberá obligatoriamente presentar UN (01) de los contratos cuyo objeto sea consultoría en estudios y diseños para el reforzamiento estructural de inmuebles declarados como Bienes de Interés Cultural del orden Nacional, Departamental, Municipal o Distrital. Nota 2: Los contratos deben estar terminados antes de la fecha de cierre del presente proceso de selección y cuya sumatoria deberá ser igual o superior al cien por ciento (100%) del presupuesto oficial estimado para este proceso de selección, expresado en salarios mínimos legales mensuales vigentes (SMMLV) del 2021. Nota 3: El proponente podrá presentar UN (01) contrato donde de cumplimiento a las notas 1 y 2 descritas líneas arriba que lo habiliten técnicamente. Cada uno de los contratos debe estar registrado en el RUP e identificado en el Clasificador de Bienes y Servicios de las Naciones Unidas UNSPSC en el tercer nivel, en al menos TRES (03) de los códigos descritos en los pliegos de condiciones
B15: CÓDIGOS RUP: | D15: 93141700 | E15: 81101500 | F15: 80101600 | G15: 80111600 | H15: 95122100 | R15: 72152900 | S15: 72153400 | T15: 72153600 | U15: 72153900 | V15: 72154000 | W15: 80111617 | X15: 80111618 | Y15: 81101500 | Z15: 93141707
B17: No. | C17: NÚMERO DEL CONTRATO REGISTRADO EN EL RUP (Incluir PAG.) | D17: ENTIDAD CONTRATANTE | E17: OBJETO DEL CONTRATO | G17: FECHA DE INICIO | H17: FECHA FINALIZACIÓN | I17: CODIGOS CLASIFICACIÓN UNSPSC | J17: NOMBRE PARTICIPANTE QUE APORTA LA EXPERIENCIA | L17: PORCENTAJE PARTICIPACION EN EL CONSORCIO O UNIÓN TEMPORAL | M17: VALOR TOTAL CONTRATO EN PESOS | N17: AÑO DE FINALIZACIÓN DEL CONTRATO | O17: SMMLV CORRESPONDIENTE SEGÚN AÑO DE FINALIZACIÓN | P17: VALOR DEL CONTRATO EN SMMLV X PORCENTAJE PARTICIPACIÓN | S17: 1091
B19: 1 | O19: =LOOKUP(N19,[2]SSMLV!A6:A43,[2]SSMLV!C6:C43) -> #N/A | P19: =(M19/O19)*L19 -> #N/A | S19: =P19 -> #N/A
B20: 2 | O20: =LOOKUP(N20,[2]SSMLV!A6:A43,[2]SSMLV!C6:C43) -> #N/A | P20: =(M20/O20)*L20 -> #N/A
B21: 3 | O21: =LOOKUP(N21,[2]SSMLV!A6:A43,[2]SSMLV!C6:C43) -> #N/A | P21: =(M21/O21)*L21 -> #N/A
B22: SUMATORIA DE CONTRATOS APORTADOS. SMMLV | O22: =SUM(P19:Q21) -> #N/A | S22: =SUM(S19:S19) -> #N/A | T22: =SUM(#REF!) -> #REF! | U22: =SUM(#REF!) -> #REF!
S25: 1091
S27: =P27 -> 0
B28: FRIMA DE LA PERSONA NATURAL, JURIDICA, CONSORCIO O UNION TEMPORAL
